 Dungeon Crawl Stone Soup version 0.30-a0-1160-g6e42c06551 (webtiles) character file.

Game seed: 7851768616686576339

6 Mgcat the Grasshopper (level 1, 0/18 HPs)
             Began as an Armataur Warper on Apr 26, 2023.
             Slain by a kobold
             ... wielding a +2 vampiric short sword
              (4 damage)
             ... on level 1 of the Dungeon.
             The game lasted 00:00:16 (78 turns).

Mgcat the Grasshopper (Armataur Warper)               Turns: 78, Time: 00:00:17

Health: 0/18       AC:  4    Str: 16    XL:     1   Next: 75%
Magic:  3/3        EV:  9    Int: 13    God:
Gold:   8          SH:  0    Dex:  9    Spells: 3/3 levels left

rFire   . . .        a - +0 mace
rCold   . . .        (no shield)
rNeg    . . .        b - +0 leather armour
rPois   .            (no helmet)
rElec   .            (no cloak)
rCorr   .            (no gloves)
SInv    .            (no barding)
Will    .....        (no amulet)
Stlth   +            (no ring)
HPRegen 0.23/turn    (no ring)
MPRegen 0.08/turn

%: roll
@: no status effects
A: large, rugged brown scales 3, deformed body, armoured tail, roll, long
tongue, awkward tongue
a: no special abilities


You were on level 1 of the Dungeon.
You visited 1 branch of the dungeon, and saw 1 of its levels.

You collected 8 gold pieces.

Inventory:

Hand Weapons
 a - a +0 mace (weapon)
Missiles
 d - 7 boomerangs of dispersal {=f}
Armour
 b - a +0 leather armour (worn)
Scrolls
 c - a scroll of blinking {!r}


   Skills:
 + Level 1.9 Fighting
 * Level 2.1 Maces & Flails
 - Level 0.8 Throwing
 + Level 1.5 Armour
 - Level 1.3 Dodging
 - Level 1.7 Spellcasting
 - Level 3.0 Translocations


You had 3 spell levels left.
You didn't know any spells.
Your spell library contained the following spells:

 Spells                   Type           Power      Damage    Failure   Level
 Blink                    Tloc           16%        N/A       14%         2
 Lesser Beckoning         Tloc           16%        N/A       14%         2
 Teleport Other           Tloc           8%         N/A       28%         3
 Vhi's Electric Charge    Tloc/Air       10%        N/A       45%         3
 Manifold Assault         Tloc           8%         N/A       67%         4


Dungeon Overview and Level Annotations

Branches:
Dungeon (1/15)

Altars:


Innate Abilities, Weirdness & Mutations

You are completely covered in rugged brown scales. (AC +3, +7% HP)
Armour fits poorly on your strangely shaped body.
You have a long armoured tail.
You roll when moving toward enemies. (Rampage)
Your long tongue fully drains potion bottles. (2x potion effects)
Your tongue gives you trouble enunciating. (1.5x scroll delay)


Message History

Press ? for a list of commands and other information.
Found a staircase leading out of the dungeon.
Lua error: attempt to yield across metamethod/C-call boundary Unknown command.
Unknown command.
Unknown command.
Unknown command.
Unknown command.
Unknown command.
Unknown command.
Unknown command.
Found a stone staircase leading down.
A hobgoblin comes into view.
The hobgoblin shouts!
You hit the hobgoblin.
The hobgoblin is almost dead.
The hobgoblin hits you but does no damage.
You closely miss the hobgoblin.
The hobgoblin is almost dead.
The hobgoblin hits you but does no damage.
You hit the hobgoblin.
You kill the hobgoblin!
No target in view!
No target in view!
A hobgoblin comes into view.
The hobgoblin shouts!
You roll towards the hobgoblin!
A rat comes into view.
The rat barely misses you.
You hit the rat.
You kill the rat!
The hobgoblin hits you.
You take 3 damage, and have 15/18 hp.
You sock the hobgoblin!
You kill the hobgoblin!
No target in view!
No target in view!
No target in view!
HP restored.
You now have 8 gold pieces.
A jackal comes into view.
The jackal barks!
A jackal comes into view.
The jackal moves out of view.
Health restored: 18 Spoiler Alert: The jackal (wandering) is fast!
A jackal is nearby!
Lua error: [string "/dgldir/rcfiles/crawl-git/Mgcat.rc"]:930: invalid capture index A kobold comes into view.
It is wielding a +2 vampiric short sword.
The jackal barks!
Warning x2: The jackal is fast! x2
You roll towards the jackal!
The jackal bites you but does no damage.
You hit the jackal.
You kill the jackal!
The kobold throws a stone.
The stone closely misses you. The jackal bites you.
Your Maces & Flails skill increases to level 2!
You take 1 damage, and have 17/18 hp.
Spoiler Alert: The jackal is fast!
You hit the jackal.
The jackal is severely wounded.
The jackal bites you but does no damage.
The jackal barely misses you. The kobold closely misses you.
You barely miss the jackal. You tail-slap the jackal.
You kill the jackal!
The kobold hits you but does no damage.
You hit the kobold.
The kobold is moderately wounded.
The kobold closely misses you.
Health restored: 18 You barely miss the kobold.
The kobold is moderately wounded.
The kobold hits you with a +2 vampiric short sword.
The kobold draws strength from your wounds!
The kobold hits you with a +2 vampiric short sword.
You take 7 damage, and have 11/18 hp.
MASSIVE DAMAGE!!
You are too injured to fight recklessly!
You are too injured to fight recklessly!
You are too injured to fight recklessly!
You are too injured to fight recklessly!
You barely miss the kobold.
Your tail-slap misses the kobold.
The kobold barely misses you.
You barely miss the kobold. The kobold closely misses you.
You closely miss the kobold.
The kobold hits you with a +2 vampiric short sword.
You take 6 damage, and have 6/18 hp.
MASSIVE DAMAGE!!
You closely miss the kobold.
You tail-slap the kobold, but do no damage.
The kobold hits you with a +2 vampiric short sword.
* * * LOW HITPOINT WARNING * * *
The kobold closely misses you.
You take 2 damage, and have 4/18 hp.
You closely miss the kobold.
The kobold hits you with a +2 vampiric short sword.
* * * LOW HITPOINT WARNING * * *
You take 1 damage, and have 3/18 hp.
You hit the kobold.
The kobold is heavily wounded.
The kobold hits you with a +2 vampiric short sword.
You die...

.. #######.##
###.###
#...@K...#
.....###
#.###.###†.....#
>.##...
#.......##...#.#
#.##...
#####.#.# #.##
#.##... #.#...
... ##....
#.#####.##.
###.... #.# #.#
. ##....♣
#######.#####.#
##.....
#.............#
####.....


You could see a kobold.

Vanquished Creatures
  2 hobgoblins (D:1)
  2 jackals (D:1)
  A rat (D:1)
5 creatures vanquished.

Notes
Turn   | Place    | Note
-------+----------+-------------------------------------------
     0 | D:1      | Mgcat the Armataur Warper began the quest for the Orb.
     0 | D:1      | Reached XP level 1. HP: 18/18 MP: 3/3
    69 | D:1      | Reached skill level 2 in Maces & Flails
    76 | D:1      | HP: 4/18 [kobold/+2 vampiric short sword (2)]
    78 | D:1      | Slain by a kobold

Illustrated notes

Levels and vault maps discovered:
D:1:      spicycebolla_green_bress_n_ham, layout_loops_corners,
          shapermc_ecumenical_altar_totnotflames

Skill      XL: |  1 |
---------------+----+-----
Maces & Flails | 2 |  2.1
Fighting       | |  1.9
Throwing       | |  0.8
Armour         | |  1.5
Dodging        | |  1.3
Spellcasting   | |  1.7
Translocations | |  3.0

Action                     || total
---------------------------++-------
  Melee: Mace              ||    16
         Tailslap          ||     2
 Armour: Leather armour    ||     5
  Dodge: Dodged            ||     8

Table legend: (Time is in decaauts)
 A = Elapsed time spent in this place.
 B = Non-inter-level travel time spent in this place.
 C = Inter-level travel time spent in this place.
 D = Time resting spent in this place.
 E = Time spent auto-exploring this place.
 F = Levels seen in this place.
 G = Mean time per level.
                   A        B        C        D        E       F      G
               +--------+--------+--------+--------+--------+-----+--------+
         Total |     82 |     82 |      0 |      0 |     55 |   1 |   82.0 |
       Dungeon |     82 |     82 |      0 |      0 |     55 |   1 |   82.0 |
               +--------+--------+--------+--------+--------+-----+--------+

Top non-repeatable levels by time:
     D:1: 82 daAuts

Levels and vault maps discovered:
D:1:      spicycebolla_green_bress_n_ham, layout_loops_corners,
          shapermc_ecumenical_altar_totnotflames

Table legend: (Time is in decaauts)
 A = Elapsed time spent in this place.
 B = Non-inter-level travel time spent in this place.
 C = Inter-level travel time spent in this place.
 D = Time resting spent in this place.
 E = Time spent auto-exploring this place.
 F = Levels seen in this place.
 G = Mean time per level.
                   A        B        C        D        E       F      G
               +--------+--------+--------+--------+--------+-----+--------+
         Total |     82 |     82 |      0 |      0 |     55 |   1 |   82.0 |
       Dungeon |     82 |     82 |      0 |      0 |     55 |   1 |   82.0 |
               +--------+--------+--------+--------+--------+-----+--------+

Top non-repeatable levels by time:
     D:1: 82 daAuts

Table legend:
 A = Kills in this place as a percentage of kills in the entire game.
 B = Kills by you in this place as a percentage of kills by you in the entire game.
 C = Kills by friends in this place as a percentage of kills by friends in the entire game.
 D = Other kills in this place as a percentage of other kills in the entire game.
 E = Experience gained in this place as a percentage of experience gained in the entire game.
 F = Experience gained in this place divided by the number of levels of this place that you have seen.
                   A       B       C       D       E      F
               +-------+-------+-------+-------+-------+----------------------
         Total | 100.0 | 100.0 |   N/A |   N/A | 100.0 |   9.0
       Dungeon | 100.0 | 100.0 |   N/A |   N/A | 100.0 |   9.0
               +-------+-------+-------+-------+-------+----------------------
